 Dungeon Crawl Stone Soup version 0.31-a0-408-gb642c7f9a3 (webtiles) character file.

Game seed: 14101437844992027539

9100 floatRand the Grappler (level 11, -1/77 HPs)
             Began as a Pale Draconian Shapeshifter on July 29, 2023.
             Was a Priest of Wu Jian.
             Slain by a manticore (7 damage)
             ... on level 11 of the Dungeon.
             The game lasted 00:12:40 (10158 turns).

floatRand the Grappler (DrSh)                      Turns: 10158, Time: 00:12:41

Health: -1/77      AC: 10    Str: 24    XL:     11   Next: 18%
Magic:  11/11      EV: 12    Int:  8    God:    Wu Jian [***...]
Gold:   1258       SH:  5    Dex: 16    Spells: 10/10 levels left

rFire   . .          .
                       - Unarmed
rCold   . . .        e - melded +0 kite shield
rNeg    . . .        (body armour unavailable)
rPois   .            (helmet restricted)
rElec   .            A - +1 cloak
rCorr   .            (gloves currently unavailable)
SInv    .            L - +0 pair of boots
Will    .....        C - amulet of reflection
Stlth   +            v - +4 ring of slaying
HPRegen 0.32/turn    F - +6 ring of strength
MPRegen 0.12/turn

%: reflection
@: blade hands, spiked
A: breathe steam, AC +7, unfitting armour, cold-blooded, steam resistance
a: Breathe Steam, Begin Untransformation, Renounce Religion, Wall Jump,
Serpent's Lash


You were on level 11 of the Dungeon.
You worshipped Wu Jian.
Wu Jian was most pleased with you.
You had blades for hands.
You visited 2 branches of the dungeon, and saw 12 of its levels.
You also visited: Sewer.

You collected 1258 gold pieces.

Inventory:

Missiles
 y - 3 throwing nets
Armour
 e - a +0 kite shield (melded)
 A - a +1 cloak (worn)
 L - a +0 pair of boots (worn)
Jewellery
 k - a ring of positive energy
 v - a +4 ring of slaying (left blade hand)
 C - an amulet of reflection (around neck)
 F - a +6 ring of strength (right blade hand)
 H - a ring of protection from fire
 I - an amulet of the acrobat
Talismans
 b - a beast talisman
 u - a blade talisman
Wands
 o - a wand of roots (13)
 r - a wand of flame (30)
Scrolls
 c - 2 scrolls of revelation
 d - a scroll of enchant weapon
 f - 3 scrolls of vulnerability
 j - 2 scrolls of amnesia
 l - a scroll of fog
 q - a scroll of identify
 E - 3 scrolls of poison
Potions
 a - 4 potions of mutation
 g - a potion of haste
 h - a potion of ambrosia {unknown}
 i - 4 potions of resistance {unknown}
 m - a potion of heal wounds
 n - 2 potions of enlightenment {unknown}
 p - a potion of attraction {unknown}
 s - 6 potions of curing
 t - 2 potions of cancellation
 w - 2 potions of brilliance {unknown}
 x - 2 potions of lignification
 z - 2 potions of degeneration {unknown}
 D - a potion of berserk rage


   Skills:
 - Level 1.1 Fighting
 - Level 1.7 Dodging
 * Level 14.4 Unarmed Combat
 + Level 9.2 Shapeshifting


You had 10 spell levels left.
You didn't know any spells.
Your spell library contained the following spells:

 Spells                   Type           Power      Damage    Failure   Level
 Magic Dart               Conj           0%         1d3       82%         1
 Call Imp                 Summ           0%         N/A       89%         2
 Ensorcelled Hibernation  Hex/Ice        0%         N/A       89%         2
 Mephitic Cloud           Conj/Pois/Air  0%         N/A       98%         3
 Anguish                  Hex/Necr       0%         N/A       100%        4
 Leda's Liquefaction      Hex/Erth       0%         N/A       100%        4
 Lee's Rapid Deconstruct  Erth           0%         3d4*      100%        5
 Leda's Unmaking          Conj/Erth      0%         9d1       100%        6


Dungeon Overview and Level Annotations

Branches:
Dungeon (11/15)            Temple (1/1) D:7             Orc (0/2) D:10
  Sewer (visited)
   Lair: D:8-11

Altars:
Ashenzari
Cheibriados
Dithmenos
Elyvilon
Fedhas
Gozag
Hepliaklqana
Kikubaaqudgha
Makhleb
Nemelex Xobeh
Okawaru
Qazlal
Ru
Sif Muna
Trog
Uskayaw
Vehumet
Wu Jian
Xom
Yredelemnul
Zin
The Shining One

Shops:
D:7 (


Innate Abilities, Weirdness & Mutations

You have blades for hands.
Your spellcasting is less reliable in this form.
You are incapable of wielding weapons or throwing items.
You can breathe blasts of scalding, opaque steam.
Your pale cyan-grey scales are hard. (AC +7)
You cannot fit into any form of body armour.
You are cold-blooded and may be slowed by cold attacks.
You are immune to the effects of steam.


Message History

There are monsters nearby!
You bump into the stone wall.
The orc wizard barely misses you.
There are monsters nearby!
You bump into the stone wall.
The orc wizard hits you but does no damage.
There are monsters nearby!
You hit the orc wizard.
You kill the orc wizard!
The Council accepts your kill.
Unknown command.
It was a potion of curing.
You feel better.
A manticore comes into view.
The barbed spikes dig painfully into your body as you move.
You lunge at the manticore, in a flurry of attacks.
You shred the manticore!!!
You kill the manticore!
The Council accepts your kill.
The manticore flicks its tail.
The volley of spikes hits you!
The barbed spikes become lodged in your body.
Items here: )))) [[ †††.
Unknown command.
Okay, then.
Okay, then.
The barbed spikes dig painfully into your body as you move.
You have got your breath back.
Things that are here:
a +0 dagger; a +0 robe An orc is nearby!
The orc closely misses you. The orc hits you with a +0 club.
The manticore barely misses you. The manticore completely misses you.
The manticore claws you.
* * * LOW HITPOINT WARNING * * *
You slash the manticore!
The manticore is lightly wounded.
The manticore bites you!
* * * LOW HITPOINT WARNING * * *
The manticore claws you!
You die...

#. ..#
#..
...#
#.. ...
..###..
..)..
).. #o#
#H# #@#
#.# #.#
##.#
#..#
#.##
#.# #.#
#.#


You could see a manticore and an orc.

Vanquished Creatures
  2 two-headed ogres
  A manticore (D:11)
  Sigmund (D:2)
  2 shadows
  8 yaks
  3 wyverns (D:9)
  A steam dragon (D:9)
  4 vampire mosquitoes (D:11)
  Edmund (D:5)
  2 two-headed ogre zombies (D:10)
  4 water moccasins
  2 orc warriors
  An ice beast (D:8)
  3 black bears (D:6)
  3 ogres
  A phantom (D:10)
  2 kobold brigands
  4 scorpions
  5 bullfrogs
  2 gnoll sergeants
  2 troll zombies (D:10)
  18 killer bees
  4 howler monkeys
  5 hounds
  2 gnoll boudas
  7 orc priests
  A jelly (D:5)
  5 iguanas
  A sleepcap (D:5)
  10 orc wizards
  4 ogre zombies (D:10)
  19 gnolls
  9 adders
  2 river rats
  A white imp (D:3)
  An ufetubus (D:6)
  2 worms (D:3)
  A dart slug (D:3)
  28 orcs
  6 ball pythons
  9 bats
  6 endoplasms
  3 giant cockroaches
  5 goblins
  4 hobgoblins
  7 jackals
  15 kobolds
  3 quokkas (D:3)
  6 frilled lizards
  3 goblin skeletons (D:10)
  4 goblin zombies (D:10)
  3 hobgoblin skeletons (D:10)
  4 hobgoblin zombies (D:10)
  2 orc skeletons (D:10)
  9 orc zombies (D:10)
  12 rats
275 creatures vanquished.

Vanquished Creatures (others)
  An orc wizard (D:11)
1 creature vanquished.

Grand Total: 276 creatures vanquished

Notes
Turn   | Place    | Note
-------+----------+-------------------------------------------
     0 | D:1      | floatRand the Draconian Shapeshifter began the quest for
                  | the Orb.
     0 | D:1      | Reached XP level 1. HP: 16/16 MP: 1/1
    50 | D:1      | Reached XP level 2. HP: 23/23 MP: 2/2
   606 | D:2      | Reached XP level 3. HP: 28/28 MP: 3/3
   804 | D:2      | Noticed Sigmund
   826 | D:2      | Killed Sigmund
   827 | D:2      | Reached skill level 5 in Unarmed Combat
   827 | D:2      | Reached XP level 4. HP: 35/35 MP: 4/4
   827 | D:2      | Reached XP level 5. HP: 40/40 MP: 5/5
  1941 | D:3      | Found a glowing drain.
  1945 | Sewer    | Entered a sewer
  2027 | Sewer    | Reached XP level 6. HP: 47/47 MP: 6/6
  2035 | Sewer    | Identified the +3 leather armour of the Enchanted Forest
                  | {rPois rC- Int+5 Stlth+}
  2595 | D:4      | Reached skill level 6 in Unarmed Combat
  3090 | D:5      | Entered Level 5 of the Dungeon
  3110 | D:5      | Your scales start taking on a pale cyan-grey colour.
  3110 | D:5      | Reached XP level 7. HP: 27/52 MP: 7/7
  3110 | D:5      | Gained mutation: You are immune to the effects of steam.
                  | [Pale Draconian growth]
  3619 | D:5      | Reached skill level 7 in Unarmed Combat
  3873 | D:5      | Noticed Edmund
  3881 | D:5      | Reached skill level 5 in Shapeshifting
  3896 | D:5      | Killed Edmund
  3998 | D:5      | Reached skill level 8 in Unarmed Combat
  3998 | D:5      | Reached XP level 8. HP: 58/59 MP: 8/8
  4577 | D:6      | Reached skill level 9 in Unarmed Combat
  5009 | D:6      | Reached skill level 10 in Unarmed Combat
  5440 | D:7      | Reached XP level 9. HP: 62/64 MP: 9/9
  5589 | D:7      | Found Nywodam's Antique Weapon Boutique.
  5877 | D:7      | Reached skill level 11 in Unarmed Combat
  6223 | D:7      | Found a staircase to the Ecumenical Temple.
  6442 | Temple   | Entered the Ecumenical Temple
  6465 | Temple   | Became a worshipper of the Wu Jian Council
  7111 | D:8      | Noticed a two-headed ogre
  7148 | D:8      | Killed a two-headed ogre
  7149 | D:8      | Reached skill level 12 in Unarmed Combat
  7149 | D:8      | Reached XP level 10. HP: 52/71 MP: 10/10
  8116 | D:9      | Found a sparkling altar of Nemelex Xobeh.
  8295 | D:9      | Reached * piety under Wu Jian
  8389 | D:9      | Reached skill level 13 in Unarmed Combat
  8964 | D:10     | Entered Level 10 of the Dungeon
  9008 | D:10     | Found a glowing silver altar of Zin.
  9041 | D:10     | Found a staircase to the Orcish Mines.
  9074 | D:10     | Reached ** piety under Wu Jian
  9927 | D:10     | Identified a scroll of acquirement
  9927 | D:10     | Acquired 782 gold pieces
 10084 | D:11     | Reached skill level 14 in Unarmed Combat
 10086 | D:11     | Reached XP level 11. HP: 77/77 MP: 11/11
 10125 | D:11     | Noticed a two-headed ogre
 10132 | D:11     | Killed a two-headed ogre
 10140 | D:11     | Reached *** piety under Wu Jian
 10158 | D:11     | Slain by a manticore

Illustrated notes

Levels and vault maps discovered:
D:1:      mrwooster_arrival_statue_3, layout_rooms, serial_forest,
          infiniplex_forest_lined_room_, infiniplex_forest_lined_corner,
          infiniplex_forest_corner_1, infiniplex_forest_straight_1,
          infiniplex_forest_clump_diagonal, minivault_14, minmay_fountain_box
D:2:      layout_basic, uniq_sigmund
D:3:      layout_basic, gup_sewer_entry_spiral
D:4:      layout_cave_pools
D:5:      layout_basic, uniq_edmund
D:6:      layout_loops_cross, dreamdust_princess_bridge, minmay_bent
D:7:      layout_gridville, minmay_temple_entry_tees, serial_shops,
          kennysheep_little_box
D:8:      layout_layer_cave
D:9:      layout_irregular_city, nemelex_spade_bored_becter, grunt_ministairs_15
D:10:     layout_basic, mainiacjoe_overflow_cross_hatched, zombieorc2_lemuel
D:11:     layout_loops_ring, lair_entry_dummy, gammafunk_ghost_hydra_chop,
          serial_shops, shop, nicolae_uskayaw_murder_on_the_dancefloor
Temple:   nicolae_temple_bog_church

Skill      XL: |  1  2  3  4  5  6  7  8  9 10 |
---------------+-------------------------------+-----
Unarmed Combat | 5 6 8 10 12 14 | 14.4
Shapeshifting  | 4 5 6 7 9 |  9.2
Fighting       | |  1.1
Dodging        | |  1.7

Action                     |  1- 3 |  4- 6 |  7- 9 | 10-12 || total
---------------------------+-------+-------+-------+-------++-------
  Melee: Unarmed           |    52 |   181 |   183 |   157 ||   573
         Tailslap          |     6 |    20 |    24 |    19 ||    69
         Punch             |     1 |       |       |     1 ||     2
Ability: Breathe Steam     |       |       |    17 |    17 ||    34
         Lunge             |       |       |     4 |    20 ||    24
         Whirlwind         |       |       |       |     7 ||     7
  Evoke: Wand              |       |       |       |     3 ||     3
    Use: Potion            |     1 |       |     2 |     2 ||     5
         Scroll            |       |     1 |    14 |     5 ||    20
   Stab: Sleeping          |     3 |     3 |       |     1 ||     7
 Armour: Skin              |    21 |    35 |    44 |    29 ||   129
  Dodge: Dodged            |    24 |    52 |    62 |    48 ||   186
  Block: Kite shield       |     1 |    50 |    78 |    63 ||   192
         Reflection        |       |       |       |     1 ||     1
   Form: Blade             |       |       |       |     1 ||     1

Table legend: (Time is in decaauts)
 A = Elapsed time spent in this place.
 B = Non-inter-level travel time spent in this place.
 C = Inter-level travel time spent in this place.
 D = Time resting spent in this place.
 E = Time spent auto-exploring this place.
 F = Levels seen in this place.
 G = Mean time per level.
                   A        B        C        D        E       F      G
               +--------+--------+--------+--------+--------+-----+--------+
         Total |  10231 |   9788 |    443 |   1038 |   6511 |  13 |  787.0 |
       Dungeon |   9784 |   9364 |    420 |   1024 |   6297 |  11 |  889.5 |
        Temple |     45 |     23 |     22 |      0 |      0 |   1 |   45.0 |
         Sewer |    400 |    400 |      0 |     14 |    213 |   1 |  400.0 |
               +--------+--------+--------+--------+--------+-----+--------+

Top non-repeatable levels by time:
     D:8: 1353 daAuts
     D:5: 1230 daAuts
    D:10: 1102 daAuts
     D:7: 1092 daAuts
     D:6: 1052 daAuts
     D:3: 1033 daAuts
     D:9: 1011 daAuts
     D:2: 765 daAuts
     D:4: 553 daAuts
     D:1: 508 daAuts
   Sewer: 400 daAuts
    D:11: 81 daAuts
  Temple: 45 daAuts
